 Dungeon Crawl Stone Soup version 0.31-a0-202-g547052bce9 (webtiles) character file.

Game seed: 16115060745341768387

40 qw the Shooter (level 3, -1/20 HPs)
             Began as a Deep Elf Hunter on June 26, 2023.
             Slain by Terence
             ... wielding a +0 mace
              (5 damage)
             ... on level 2 of the Dungeon.
             The game lasted 00:00:24 (1346 turns).

qw the Shooter (Deep Elf Hunter)                    Turns: 1346, Time: 00:00:25

Health: -1/20      AC:  3    Str: 10    XL:     3   Next: 30%
Magic:  5/5        EV: 12    Int: 13    God:
Gold:   45         SH:  0    Dex: 18    Spells: 2/2 levels left

rFire   . . .        Y - +0 shortbow
rCold   . . .        (shield currently unavailable)
rNeg    . . .        c - +0 leather armour
rPois   .            (no helmet)
rElec   .            (no cloak)
rCorr   .            (no gloves)
SInv    .            (no boots)
Will    .....        (no amulet)
Stlth   ++           (no ring)
HPRegen 0.23/turn    (no ring)
MPRegen 0.09/turn

%: no passive effects
@: no status effects
A: no striking features
a: no special abilities


You were on level 2 of the Dungeon.
You visited 1 branch of the dungeon, and saw 2 of its levels.

You collected 45 gold pieces.


   Skills:
 - Level 1.5 Fighting
 + Level 6.9 Ranged Weapons
 - Level 2.4 Dodging
 - Level 1.2 Stealth


You had 2 spell levels left.
You didn't know any spells.
Your spell library was empty.

Inventory:

Hand Weapons
 Y - a +0 shortbow (weapon)
Armour
 c - a +0 leather armour (worn)
Jewellery
 i - a ring of flight
Scrolls
 a - 3 scrolls of identify
 b - 2 scrolls of amnesia {unknown}
 f - a scroll of torment {unknown}
 g - a scroll of vulnerability {unknown}
 j - a scroll of poison {unknown}
Potions
 d - a potion of haste
 e - 2 potions of curing
 h - a potion of mutation {unknown}

Dungeon Overview and Level Annotations

Branches:
Dungeon (2/15)

Altars:

Annotations:
D:2 Terence


Message History

You shoot an arrow. The arrow hits the kobold.
The kobold is heavily wounded.
You start resting.
Terence the Incautious comes into view.
He is wielding a +0 mace.
You shoot an arrow.
Terence shouts!
The arrow hits Terence.
Terence is lightly wounded.
You shoot an arrow. The arrow hits Terence.
Terence is moderately wounded.
You shoot an arrow. The arrow closely misses the kobold.
You shoot an arrow. The arrow closely misses Terence.
You shoot an arrow.
The arrow hits Terence but does no damage.
Terence is moderately wounded.
You shoot an arrow. The arrow hits Terence.
Terence is moderately wounded.
Terence closely misses you.
You shoot an arrow.
The arrow hits Terence but does no damage.
Terence is moderately wounded.
Terence hits you with a +0 mace.
You shoot an arrow. The arrow barely misses Terence.
The arrow hits the kobold.
The kobold is severely wounded.
Terence hits you with a +0 mace.
You shoot an arrow. The arrow hits Terence.
Terence is heavily wounded.
Terence barely misses you.
You shoot an arrow. The arrow hits Terence.
Terence is severely wounded.
Terence hits you with a +0 mace!
You shoot an arrow.
The arrow hits Terence but does no damage.
Terence is severely wounded.
Terence misses you.
You shoot an arrow.
The arrow hits Terence but does no damage.
Terence is severely wounded.
Terence hits you with a +0 mace.
You die...

####### ######.....# #####
#........#.###......
#......(....@@K# ###
###........#.###.# #..
#>+..........# .. ####.#
#.#........%.# .# #....#
#.#........#%## # #....##
#.#........#..# #####....##
#.#.....%..##.# .........[.
#..........##.###########......
##.........+............<......


You could see Terence and a kobold.

Vanquished Creatures
  2 dart slugs
  An orc (D:2)
  4 ball pythons
  2 endoplasms (D:1)
  2 giant cockroaches
  A hobgoblin (D:2)
  10 jackals
  2 quokkas (D:2)
  2 bats (D:1)
  2 kobolds (D:1)
  3 rats
31 creatures vanquished.

Notes
Turn   | Place    | Note
-------+----------+-------------------------------------------
     0 | D:1      | qw the Deep Elf Hunter began the quest for the Orb.
     0 | D:1      | Reached XP level 1. HP: 12/12 MP: 3/3
     0 | D:1      | 0 ||| qw: Version: 0.3-a-22-g0ed2b0b
     0 | D:1      | 0 ||| qw: Game counter: 5874
     0 | D:1      | 0 ||| qw: Melee chars always use a shield: true
     0 | D:1      | 0 ||| qw: God list: Okawaru
     0 | D:1      | 0 ||| qw: Allow faded altars: false
     0 | D:1      | 0 ||| qw: Do Orc after clearing Dungeon:15 true
     0 | D:1      | 0 ||| qw: Do second Lair branch before Depths: true
     0 | D:1      | 0 ||| qw: Lair rune preference: random
     0 | D:1      | 0 ||| qw: Goals: Normal
     0 | D:1      | 0 ||| PLANNING D:1-11
    39 | D:1      | Found a faded altar of an unknown god.
   217 | D:1      | Reached XP level 2. HP: 16/16 MP: 4/4
   220 | D:1      | Reached skill level 6 in Ranged Weapons
   706 | D:1      | 706 ||| READING 2 scrolls labelled TIGEGR SUESK.
   707 | D:1      | 707 ||| DRINKING 2 grey potions.
   708 | D:1      | 708 ||| DRINKING 2 sedimented orange potions.
   709 | D:1      | 709 ||| DRINKING 2 fuming white potions.
   814 | D:1      | 814 ||| DROPPING scroll of butterflies.
   815 | D:1      | 815 ||| DROPPING potion of berserk rage.
  1046 | D:2      | Reached XP level 3. HP: 20/20 MP: 5/5
  1334 | D:2      | Noticed Terence
  1344 | D:2      | HP: 4/20 [Terence/+0 mace (9)]
  1346 | D:2      | Slain by Terence

Levels and vault maps discovered:
D:1:      noname_arrival_rooms_in_the_neighbourhood, layout_loops_ring,
          dreamdust_ecumenical_altar_statues, minmay_misc_feat_roman
D:2:      layout_basic, minmay_misc_feat_iff, uniq_terence

Skill      XL: |  1  2 |
---------------+-------+-----
Ranged Weapons | 6 |  6.9
Fighting       | |  1.5
Dodging        | |  2.4
Stealth        | |  1.2

Action                     || total
---------------------------++-------
   Fire: Shortbow          ||    92
    Use: Potion            ||     3
         Scroll            ||     1
 Armour: Leather armour    ||     9
  Dodge: Dodged            ||    19

Table legend:
 A = Non-vault XP
 B = Vault XP
 C = Vault XP percentage of total XP
 D = Non-vault monster count
 E = Vault monster count
 F = Vault count percentage of total count
                 A         B        C        D         E       F
            +---------+---------+-------+---------+---------+-------
      Total |      58 |       0 |   0.0 |      31 |       0 |   0.0
            +---------+---------+-------+---------+---------+-------
        D:1 |      31 |       0 |   0.0 |      18 |       0 |   0.0
        D:2 |      27 |       0 |   0.0 |      13 |       0 |   0.0
            +---------+---------+-------+---------+---------+-------
